 Dungeon Crawl Stone Soup version 0.24.0-13-gcf9b3192b9 (webtiles) character file.

Game seed: 13808975605492385116, levelgen mode: deterministic

44 Delamore the Chopper (level 3, -5/31 HPs)
             Began as a Hill Orc Fighter on Nov 9, 2019.
             Was an Initiate of Qazlal.
             Slain by a gnoll
             ... wielding a +0 halberd
              (7 damage)
             ... on level 2 of the Dungeon.
             The game lasted 00:02:38 (1424 turns).

Delamore the Chopper (Hill Orc Fighter)             Turns: 1424, Time: 00:02:38

Health: -5/31      AC:  4    Str: 24    XL:     3   Next: 60%
Magic:  3/3        EV:  8    Int:  8    God:    Qazlal [......]
Gold:   44         SH: 10    Dex: 10    Spells: 2/2 levels left

rFire    . . .     SeeInvis .   a - +0 war axe
rCold    + . .     Gourm    .   c - +1 shield
rNeg     . . .     Faith    .   l - +2 robe {rC+}
rPois    .         Spirit   .   (no helmet)
rElec    .         Reflect  .   (no cloak)
rCorr    .         Harm     .   (no gloves)
MR       .....                  (no boots)
Stlth    +.........             p - amulet of inaccuracy (curse)
HPRegen  0.10/turn              (no ring)
MPRegen  0.08/turn              (no ring)

@: mighty
A: no striking features
a: Renounce Religion


You were on level 2 of the Dungeon.
You worshipped Qazlal.
Qazlal was noncommittal.
You were not hungry.

You visited 1 branch of the dungeon, and saw 2 of its levels.

You collected 44 gold pieces.

Inventory:

Hand Weapons
 a - a +0 war axe (weapon)
Armour
 b - a +0 scale mail
 c - a +1 shield (worn)
 l - a +2 robe of cold resistance (worn)
Jewellery
 p - a cursed amulet of inaccuracy (around neck)
Scrolls
 e - 3 scrolls of teleportation
 k - a scroll of identify
Potions
 i - a potion of agility
 j - a potion of curing
 n - a potion of heal wounds {unknown}
Comestibles
 f - 4 rations
 o - 4 chunks of flesh


   Skills:
 - Level 3.6 Fighting
 + Level 4.9 Axes
 - Level 3.2 Armour
 + Level 0.6 Stealth
 - Level 3.2 Shields


You had 2 spell levels left.
You didn't know any spells.
Your spell library was empty.

Dungeon Overview and Level Annotations

Branches:
Dungeon (2/15)

Altars:
Qazlal
Wu Jian


Message History

You see here a stone.
You miss the bat. The bat hits you but does no damage.
The bat barely misses you. The gnoll hits you with a +0 club.
You block the bat's attack.
You miss the gnoll. You miss the bat. The bat hits you but does no damage. x2
The gnoll hits you with a +0 club!
You slash the gnoll!
The gnoll is severely wounded.
Your shield prevents you from hitting the bat.
You block the bat's attack. The bat hits you but does no damage. x2
You block the gnoll's attack.
The gnoll hits you from afar with a +0 halberd!
The kobold throws a stone.
You block the stone.
Okay, then.
You feel very mighty all of a sudden. You block the bat's attack.
The bat closely misses you. The gnoll hits you with a +0 club!
* * * LOW HITPOINT WARNING * * *
The gnoll hits you from afar with a +0 halberd!
You die...

## #.# . #.#
#.##.########
#.#..........
#......##....
#.#...###.# .
#.........#
####.b#####
#@.# #bg#


gKg.. .>$..## ....... ..!...... ..##### +.........' ....... #.........#. ...####
You could see 3 gnolls, 2 bats and a kobold.

Vanquished Creatures
  An ooze (D:2)
  2 dart slugs
  4 bats
  2 giant cockroaches (D:1)
  7 goblins
  4 hobgoblins
  2 jackals (D:2)
  2 frilled lizards
  5 kobolds
  4 rats
33 creatures vanquished.

Notes
Turn   | Place    | Note
-------+----------+-------------------------------------------
     0 | D:1      | Delamore the Hill Orc Fighter began the quest for the Orb.
     0 | D:1      | Reached XP level 1. HP: 19/19 MP: 1/1
    35 | D:1      | Reached skill level 3 in Axes
    88 | D:1      | Reached XP level 2. HP: 11/26 MP: 2/2
   662 | D:1      | Reached skill level 4 in Axes
   927 | D:2      | Reached XP level 3. HP: 29/31 MP: 3/3
  1015 | D:2      | Found an ornate altar of the Wu Jian Council.
  1097 | D:2      | Found a stormy altar of Qazlal.
  1106 | D:2      | Became a worshipper of Qazlal Stormbringer
  1424 | D:2      | Slain by a gnoll

Levels and vault maps discovered:
D:1:      ncdulo_halloftheorcs, layout_loops_ring
D:2:      layout_loops_corners, overflow_temple_1_default, grunt_qazlal_clouds,
          bloody_makhleb

Skill      XL: |  1  2 |
---------------+-------+-----
Axes           | 3 4 |  4.9
Fighting       | |  3.6
Armour         | |  3.2
Stealth        | |  0.6
Shields        | |  3.2

Action                   || total
-------------------------++-------
Melee: War axe           ||    89
  Use: Scroll            ||     7
       Potion            ||     1
 Stab: Distracted        ||     1
  Eat: Chunk             ||     2
Armor: Scale mail        ||    17
       Robe              ||    21
Dodge: Dodged            ||    35
Block: Shield            ||    50
